 Dungeon Sprint DCSS version 0.32-a0-433-g08bcfe7efd (webtiles) character file.

Game seed: 15880332940964081753

46452 rocky1 the Severer (level 14, 0/144 HPs)
             Began as a Mountain Dwarf Fighter on Feb 23, 2024.
             Was an Initiate of Gozag.
             Slain by an Ice Fiend (17 damage)
             ... summoned by a deep elf demonologist
             ... in the Dungeon (Sprint VII: "The Pits").
             The game lasted 00:33:42 (6759 turns).

rocky1 the Severer (Mountain Dwarf Fighter)         Turns: 6759, Time: 00:33:44

Health: 0/144      AC: 24    Str: 31    XL:     14   Next: 4%
Magic:  29/29      EV: 14    Int: 11    God:    Gozag
Gold:   1333       SH:  0    Dex:  9    Spells: 10/35 levels left

rFire   + + .        J - +3 battleaxe of Ru's Regard {vamp, rN+}
rCold   + + .        (shield currently unavailable)
rNeg    + . .        G - +2 plate armour {rF+}
rPois   +            E - +2 helmet {SInv}
rElec   +            A - +1 cloak {Stlth+}
rCorr   +            b - +2 pair of gloves {Str+3}
SInv    +            t - +2 pair of slick slippers {slick, slippery, EV+4}
Will    ++...        (no amulet) Stlth
                     f - +6 ring of strength
HPRegen 0.44/turn    D - ring of protection from cold
MPRegen 0.21/turn

%: no teleportation
@: mighty, brilliant, resistant, corroded, gold aura, enlightened, flying,
invisible
A: runic magic, artefact enchanting
a: Renounce Religion, Potion Petition, Call Merchant, Bribe Branch


You were in the Dungeon.
You worshipped Gozag.
Gozag was most pleased with you.
You visited 1 branch You collected 13290 gold pieces.
You spent 2628 gold pieces at shops.
You paid 9329 gold pieces to Gozag.

Inventory:

Hand Weapons
 a - a +2 war axe of freezing
 o - a +2 flail of protection
 I - a +2 battleaxe
 J - the +3 battleaxe of Ru's Regard (weapon) {vamp, rN+}
   (You found it in the Dungeon)

   rN+:       It protects you from negative energy.
 K - a +1 broad axe of freezing
Missiles
 k - a throwing net
Armour
 b - a +2 pair of gloves of strength (worn)
 c - a +0 buckler
 i - a +0 kite shield
 t - the +2 pair of slick slippers (worn) {slick, slippery, EV+4}
   (You bought it in a shop in the Dungeon)

   Slick:     Its wearer cannot be constricted, engulfed, netted or webbed.
   Slippery:  Its wearer slips away from damaging melee attacks, pulling the
   attacker onward.
   EV+4:      It affects your evasion (+4).
 A - a +1 cloak of stealth (worn)
 E - a +2 helmet of see invisible (worn)
 G - a +2 plate armour of fire resistance (worn)
 L - a +1 tower shield
Jewellery
 d - a +3 ring of strength
 f - a +6 ring of strength (left hand)
 g - a +3 ring of evasion
 p - a +5 ring of evasion
 B - a ring of fire
 C - a ring of protection from fire
 D - a ring of protection from cold (right hand)
 F - an amulet of magic regeneration
Wands
 q - a wand of iceblast (6)
 H - a wand of mindburst (2)
Scrolls
 l - 2 scrolls of vulnerability
 m - 5 scrolls of amnesia
 n - 2 scrolls of summoning
 s - a scroll of torment
 u - 6 scrolls of enchant armour
 w - a scroll of fear
 y - 2 scrolls of enchant weapon
 z - 2 scrolls of fog
Potions
 e - 4 potions of curing
 h - 3 potions of magic
 r - 3 potions of brilliance
 v - a potion of berserk rage
 x - a potion of resistance


   Skills:
 + Level 18.4 Fighting
 + Level 19.4(21.2) Axes
 - Level 14.9(19.1) Maces & Flails
 - Level 14.9 Armour
 - Level 5.3 Dodging
 - Level 13.4 Shields
 - Level 11.1 Spellcasting
 + Level 10.0 Conjurations
 - Level 4.5 Hexes
 - Level 3.7 Translocations
 + Level 12.9 Fire Magic
 + Level 5.9 Air Magic
 - Level 6.1 Alchemy


You had 10 spell levels left.
You knew the following spells:

 Your Spells              Type           Power      Damage    Failure   Level
a - Sticky Flame          Fire/Alch      40%        2d8       3%          4
b - Flame Wave            Conj/Fire      47%        2d12      1%          4
c - Inner Flame           Hex/Fire       38%        N/A       1%          3
d - Blink                 Tloc           42%        N/A       6%          2
e - Starburst             Conj/Fire      23%        6d8       24%         6
f - Plasma Beam           Fire/Air       20%        2x1d32    50%         6

Your spell library contained the following spells:

 Spells                   Type           Power      Damage    Failure   Level
 Foxfire                  Conj/Fire      100%       2x1d9     1%          1
 Magic Dart               Conj           100%       1d8       1%          1
 Kiss of Death            Conj/Necr      100%       2d13      2%          1
 Fireball                 Conj/Fire      23%        3d11      4%          5
 Iskenderun's Battlesphe  Conj           42%        2d9       8%          5
 Confusing Touch          Hex            24%        N/A       9%          3
 Brom's Barrelling Bould  Conj/Erth      25%        2d5       22%         4
 Call Imp                 Summ           18%        N/A       26%         2
 Conjure Ball Lightning   Conj/Air       17%        3x3d6     69%         6
 Dispel Undead            Necr           9%         3d8       86%         4
 Orb of Destruction       Conj           21%        9d8       94%         7


Dungeon Overview and Level Annotations

Branches:
Dungeon (1/1)

Altars:
Ashenzari
Cheibriados
Dithmenos
Elyvilon
Fedhas
Gozag
Hepliaklqana
Kikubaaqudgha
Makhleb
Nemelex Xobeh
Okawaru
Qazlal
Ru
Sif Muna
Trog
Uskayaw
Vehumet
Wu Jian
Xom
Yredelemnul
Zin
The Shining One
Beogh
Jiyva
Lugonu

Shops:
D [:=


Innate Abilities, Weirdness & Mutations

Your spellcasting is much less encumbered by armour.
You can use scrolls of enchantment on lesser artefacts.


Message History

Your small abomination is splashed with acid.
The acid splashes onto you! The acid corrodes you!
You are splashed with acid.
You resist.
* * * LOW HITPOINT WARNING * * *
The acid splashes onto the Ice Fiend!
The Ice Fiend is splashed with acid!
The acid corrodes the Ice Fiend!
The rust devil hits you. The rust devil corrodes you!
Your small abomination closely misses the rust devil.
You hit the Ice Fiend.
The Ice Fiend is lightly wounded.
You hit the rust devil. The rust devil hits you. The rust devil corrodes you!
Your small abomination barely misses the rust devil.
Unknown command.
You slice the Ice Fiend!!
The Ice Fiend is heavily wounded.
You slash the rust devil!
The Ice Fiend claws you but does no damage. x2
Your small abomination hits the yellow draconian!
The yellow draconian dies!
Your Conjurations skill increases to level 10!
You slash the Ice Fiend!
The Ice Fiend is heavily wounded.
The Ice Fiend calls on the powers of darkness!
The deep elf demonologist convulses!
Your body is wracked with pain!
* * * LOW HITPOINT WARNING * * *
The deep elf demonologist hits your small abomination with a +0 rapier!
Unknown command.
You closely miss the Ice Fiend.
The Ice Fiend is heavily wounded.
The rust devil hits your small abomination.
The rust devil corrodes your small abomination!
Unknown command.
You hit the Ice Fiend but do no damage.
The Ice Fiend is heavily wounded.
Your small abomination hits the rust devil!
The Ice Fiend claws you.
* * * LOW HITPOINT WARNING * * *
The Ice Fiend freezes you! You resist.
You die...
Your body crumbles into a pile of gold.

#####################+#
).............§§§x44..#
...)..........§§@1e§2e#
####''##############q2#
#.....)).#[['...'[[#e.#
#.))..)).#[[#...#[.#.e#
####.)#######...####e.#
#........#.........#.O#
.).................#..#
#........#.........#..#
####..####.##'###'##..#


You could see an Ice Fiend (summoned, corroded), a deep elf demonologist, a rust
devil (summoned, unable to see you, corroded, ally target) and a friendly small
abomination (summoned, corroded).

Vanquished Creatures
  Arachne (D)
  A deep elf sorcerer (D)
  A ghost moth (D)
  2 orc warlords (D)
  A deep elf death mage (D)
  A lorocyproca (D)
  A white draconian (D)
  A fire dragon (D)
  A merfolk javelineer (D)
  A merfolk impaler (D)
  A yaktaur captain (D)
  A hydra (D)
  4 vault guards (D)
  A boulder beetle (D)
  An anaconda (D)
  A merfolk avatar (D)
  An alligator snapping turtle (D)
  A death yak (D)
  An alligator (D)
  2 demonic crawlers (D)
  A naga warrior (D)
  An orc high priest (D)
  2 vampire magi (D)
  4 deep elf knights (D)
  A shadow wraith (D)
  An iron troll (D)
  2 flayed ghosts (D)
  A deep troll (D)
  2 lindwurms (D)
  9 orc knights (D)
  A deep elf zephyrmancer (D)
  An orc sorcerer (D)
  2 cyclopes (D)
  A cane toad (D)
  2 black mambas (D)
  A molten gargoyle (D)
  An efreet (D)
  2 kobold demonologists (D)
  A rime drake (shapeshifter) (D)
  An unseen horror (D)
  2 trolls (D)
  A tarantella (D)
  8 merfolk (D)
  A glass eye (D)
  3 hornets (D)
  5 slime creatures (D)
  A snapping turtle (D)
  12 dream sheep (D)
  A jumping spider (D)
  A culicivora (D)
  A wraith (D)
  An air elemental (D)
  A shadow (D)
  A spriggan (D)
  A ynoxinul (D)
  A water elemental (D)
  A warg (D)
  Eustachio (D)
  4 redbacks (D)
  2 steam dragons (D)
  2 swamp drakes (D)
  3 orc warriors (D)
  An ice beast (D)
  2 laughing skulls (D)
  An ogre (D)
  A black bear (D)
  12 wolves (D)
  2 weeping skulls (D)
  A bullfrog (D)
  A kobold brigand (D)
  Blork the orc (D)
  2 scorpions (D)
  3 wights (D)
  6 killer bees (D)
  A crimson imp (D)
  2 orc priests (D)
  2 iron imps (D)
  An orc wizard (D)
  An adder (D)
  A white imp (D)
  An ufetubus (D)
  2 ribbon worms (D)
  5 orcs (D)
  A hobgoblin (D)
  8 jackals (D)
  4 kobolds (D)
  A quokka (D)
  2 ball pythons (D)
  3 bats (D)
184 creatures vanquished.

Vanquished Creatures (collateral kills)
  A yellow draconian (D)
1 creature vanquished.

Vanquished Creatures (others)
  A titan (D)
  A ghost moth (D)
  An occultist (D)
  An ice devil (D)
  An orc (D)
  A bat skeleton (D)
6 creatures vanquished.

Grand Total: 191 creatures vanquished

Notes
Turn   | Place    | Note
-------+----------+-------------------------------------------
     0 | D        | rocky1 the Mountain Dwarf Fighter began the quest for the
                  | Orb.
     0 | D        | Reached XP level 1. HP: 19/19 MP: 1/1
    54 | D        | Found a bloodstained altar of Trog.
    54 | D        | Found a shimmering blue altar of Sif Muna.
    54 | D        | Found a viscous altar of Jiyva.
    54 | D        | Found a hazy altar of Hepliaklqana.
    54 | D        | Found an opulent altar of Gozag.
    55 | D        | Found a glowing golden altar of the Shining One.
    55 | D        | Found a glowing silver altar of Zin.
    55 | D        | Found a basalt altar of Yredelemnul.
    55 | D        | Found a shimmering altar of Xom.
    55 | D        | Found an ornate altar of the Wu Jian Council.
    55 | D        | Found a sacrificial altar of Ru.
    55 | D        | Found a stormy altar of Qazlal.
    55 | D        | Found an iron altar of Okawaru.
    55 | D        | Found a sparkling altar of Nemelex Xobeh.
    55 | D        | Found a burning altar of Makhleb.
    55 | D        | Found a blossoming altar of Fedhas.
    55 | D        | Found a white marble altar of Elyvilon.
    55 | D        | Found a shadowy altar of Dithmenos.
    55 | D        | Found a snail-covered altar of Cheibriados.
    57 | D        | Found a radiant altar of Vehumet.
    57 | D        | Found a corrupted altar of Lugonu.
    57 | D        | Found a roughly hewn altar of Beogh.
    99 | D        | Reached XP level 2. HP: 27/27 MP: 2/2
   107 | D        | Found an ancient bone altar of Kikubaaqudgha.
   107 | D        | Found a hide-covered altar of Uskayaw.
   107 | D        | Found a broken altar of Ashenzari.
   110 | D        | Became a worshipper of Gozag Ym Sagoz the Greedy
   143 | D        | Noticed a scorpion
   149 | D        | Killed a scorpion
   150 | D        | Reached skill level 5 in Fighting
   150 | D        | Reached skill level 5 in Armour
   150 | D        | Reached skill level 5 in Shields
   150 | D        | Reached XP level 3. HP: 36/36 MP: 3/3
   150 | D        | Reached XP level 4. HP: 42/42 MP: 4/4
   337 | D        | Noticed a wolf
   337 | D        | Noticed a weeping skull
   348 | D        | Killed a wolf
   349 | D        | Reached skill level 5 in Maces & Flails
   349 | D        | Reached skill level 1 in Dodging
   349 | D        | Reached skill level 1 in Spellcasting
   349 | D        | Reached XP level 5. HP: 33/50 MP: 4/7
   397 | D        | Reached XP level 6. HP: 49/58 MP: 10/10
   435 | D        | Noticed a deep elf zephyrmancer
   438 | D        | Noticed an ice beast
   455 | D        | Killed an ice beast
   457 | D        | Killed a deep elf zephyrmancer
   458 | D        | Reached skill level 5 in Spellcasting
   458 | D        | Reached XP level 7. HP: 67/67 MP: 10/14
   732 | D        | Noticed a demonic crawler
   732 | D        | Noticed an alligator snapping turtle
   763 | D        | Killed a demonic crawler
   764 | D        | Reached XP level 8. HP: 20/78 MP: 14/17
   769 | D        | Reached skill level 10 in Armour
   798 | D        | Killed an alligator snapping turtle
   799 | D        | Reached XP level 9. HP: 33/85 MP: 16/19
  1274 | D        | Bought a pair of runed gloves for 187 gold pieces
  1274 | D        | Bought the +2 pair of slick slippers {slick, slippery,
                  | EV+4} for 675 gold pieces
  1274 | D        | Found the +2 pair of slick slippers {slick, slippery, EV+4}
  1308 | D        | Reached skill level 10 in Fighting
  1308 | D        | Reached skill level 1 in Axes
  1310 | D        | Reached skill level 2 in Axes
  1311 | D        | Reached skill level 3 in Axes
  1319 | D        | Reached skill level 4 in Axes
  1321 | D        | Reached skill level 5 in Axes
  1327 | D        | Reached skill level 6 in Axes
  1484 | D        | Noticed a molten gargoyle
  1491 | D        | Killed a molten gargoyle
  1492 | D        | Reached skill level 7 in Axes
  1492 | D        | Reached XP level 10. HP: 20/95 MP: 22/22
  1500 | D        | Reached skill level 8 in Axes
  1503 | D        | Noticed a flayed ghost
  1514 | D        | Killed a flayed ghost
  1515 | D        | Reached skill level 9 in Axes
  1906 | D        | Noticed an orc high priest
  1917 | D        | Reached skill level 10 in Axes
  1929 | D        | Noticed an orc sorcerer
  1937 | D        | Killed an orc high priest
  1944 | D        | Reached skill level 11 in Axes
  1959 | D        | Killed an orc sorcerer
  2159 | D        | Noticed a deep troll
  2159 | D        | Noticed a black mamba
  2178 | D        | Killed a black mamba
  2179 | D        | Reached skill level 12 in Axes
  2181 | D        | Killed a deep troll
  2182 | D        | Reached skill level 10 in Shields
  2182 | D        | Reached XP level 11. HP: 80/105 MP: 24/24
  2256 | D        | Noticed Eustachio
  2277 | D        | Killed Eustachio
  2403 | D        | Noticed a five-headed hydra
  2424 | D        | Noticed a merfolk impaler
  2427 | D        | Noticed Blork the orc
  2429 | D        | Reached skill level 10 in Spellcasting
  2429 | D        | Noticed a demonic crawler
  2452 | D        | Killed a merfolk impaler
  2453 | D        | Reached skill level 13 in Axes
  2496 | D        | Killed a demonic crawler
  2497 | D        | Reached skill level 14 in Axes
  2524 | D        | Killed a five-headed hydra
  2552 | D        | Reached skill level 5 in Dodging
  2556 | D        | Noticed a lindwurm
  2557 | D        | Killed Blork the orc
  2571 | D        | Killed a lindwurm
  2572 | D        | Reached skill level 15 in Axes
  2793 | D        | Bought a runed helmet for 187 gold pieces
  2793 | D        | Bought an ichor-stained scale mail for 225 gold pieces
  2793 | D        | Identified the +3 scale mail of Wonderful Contentment
                  | {Str+6} (You bought it in a shop in the Dungeon)
  2793 | D        | Bought a shiny plate armour for 650 gold pieces
  2823 | D        | Bought a book of Flames for 448 gold pieces
  2823 | D        | Bought a book of Minor Magic for 256 gold pieces
  2828 | D        | Learned a level 4 spell: Sticky Flame
  2952 | D        | Reached skill level 1 in Fire Magic
  2953 | D        | Reached skill level 1 in Alchemy
  2965 | D        | Reached skill level 1 in Conjurations
  3034 | D        | Noticed a ghost moth
  3044 | D        | Killed a ghost moth
  3045 | D        | Reached XP level 12. HP: 109/118 MP: 0/27
  3295 | D        | Paralysed by an air elemental for 1 turns
  3296 | D        | Reached skill level 16 in Axes
  3606 | D        | Noticed Arachne
  3631 | D        | Killed Arachne
  3632 | D        | Reached skill level 5 in Fire Magic
  3795 | D        | Noticed a death yak
  3803 | D        | Killed a death yak
  3804 | D        | Reached skill level 15 in Fighting
  3917 | D        | Noticed a merfolk javelineer
  3917 | D        | Noticed a titan
  3917 | D        | Noticed a lorocyproca
  3930 | D        | Killed a merfolk javelineer
  3947 | D        | Killed a lorocyproca
  3948 | D        | Reached skill level 17 in Axes
  3959 | D        | Killed a titan
  3960 | D        | Reached skill level 5 in Conjurations
  4177 | D        | Learned a level 4 spell: Flame Wave
  4181 | D        | Learned a level 3 spell: Inner Flame
  4184 | D        | Learned a level 2 spell: Blink
  4199 | D        | Noticed a white draconian
  4199 | D        | Noticed an alligator
  4218 | D        | Killed a white draconian
  4219 | D        | Reached skill level 1 in Hexes
  4219 | D        | Reached skill level 1 in Translocations
  4219 | D        | Reached skill level 5 in Alchemy
  4221 | D        | Noticed an anaconda
  4224 | D        | Noticed a vampire mage
  4230 | D        | Noticed a fire dragon
  4237 | D        | Killed an alligator
  4247 | D        | Killed a vampire mage
  4255 | D        | Noticed a vampire mage
  4259 | D        | Reached XP level 13. HP: 49/128 MP: 28/28
  4274 | D        | Noticed a ghost moth
  4290 | D        | Killed a ghost moth
  4304 | D        | Killed a fire dragon
  4316 | D        | Reached skill level 18 in Axes
  4873 | D        | Learned a level 6 spell: Starburst
  4880 | D        | Learned a level 6 spell: Plasma Beam
  4886 | D        | Noticed an orc warlord
  4908 | D        | Reached skill level 1 in Air Magic
  4920 | D        | Noticed an orc warlord
  4951 | D        | Killed an orc warlord
  4952 | D        | Reached skill level 10 in Fire Magic
  4983 | D        | Killed an orc warlord
  6279 | D        | Got the +3 battleaxe of Ru's Regard {vamp, rN+}
  6319 | D        | Noticed a deep elf death mage
  6349 | D        | Killed a deep elf death mage
  6353 | D        | Killed a ghostly deep elf death mage
  6354 | D        | Reached skill level 5 in Air Magic
  6360 | D        | Reached skill level 19 in Axes
  6412 | D        | Reached XP level 14. HP: 134/144 MP: 29/29
  6533 | D        | Noticed a deep elf sorcerer
  6560 | D        | Killed a deep elf sorcerer
  6714 | D        | Noticed a red draconian scorcher
  6716 | D        | Noticed a yellow draconian annihilator
  6716 | D        | Noticed a red draconian scorcher
  6719 | D        | Noticed a deep elf sorcerer
  6738 | D        | Noticed an Ice Fiend
  6739 | D        | Noticed a Brimstone Fiend
  6757 | D        | Reached skill level 10 in Conjurations
  6759 | D        | Slain by an Ice Fiend

Illustrated notes

Levels and vault maps discovered:
D:        pitsprint [storerooms_1, entrance_room_1, metal_vault_4, armoury_2,
          mini_pit_1, grid_room_1, main_hall_1, silver_pit, the_coven_3,
          the_vestibule_1, steel_vault_2, golden_pit, hallway_of_sentries,
          crystal_vault_2, iron_vault_2, final_vault]

Skill      XL: |  1  2  3  4  5  6  7  8  9 10 11 12 13 14 |
---------------+-------------------------------------------+-----
Armour         | 4 5 6 7 9 10 11 12 13 14 | 14.9
Fighting       | 4 5 6 7 9 11 12 14 16 18 | 18.4
Shields        | 4 5 6 7 8 9 10 11 12 13 | 13.4
Maces & Flails | 4 5 7 11 12 13 14 | 14.9
Dodging        | 1 2 3 4 5 |  5.3
Spellcasting   | 1 3 5 6 8 9 11 | 11.1
Axes           | 7 12 15 17 19 | 19.4
Fire Magic     | 3 8 12 | 12.9
Alchemy        | 2 5 6 |  6.1
Conjurations   | 2 6 9 10 | 10.0
Hexes          | 3 4 |  4.5
Translocations | 2 3 |  3.7
Air Magic      | 5 |  5.9

Action                     |  1- 3 |  4- 6 |  7- 9 | 10-12 | 13-15 || total
---------------------------+-------+-------+-------+-------+-------++-------
  Melee: Flail             |    29 |    67 |    62 |   113 |       ||   271
         War axe           |       |       |    30 |   310 |   156 ||   496
         Battleaxe         |       |       |       |       |   157 ||   157
   Cast: Sticky Flame      |       |       |       |       |     4 ||     4
 Invoke: Call Merchant     |       |       |     1 |     1 |     1 ||     3
         Potion Petition   |       |       |       |    10 |     7 ||    17
    Use: Potion            |     1 |     1 |     7 |    16 |     8 ||    33
         Scroll            |       |       |       |       |     4 ||     4
   Stab: Invisible         |       |       |     3 |    22 |     7 ||    32
         Distracted        |       |       |       |     3 |     1 ||     4
 Armour: Scale mail        |    23 |       |       |       |       ||    23
         Chain mail        |       |    33 |    78 |   162 |       ||   273
         Plate armour      |       |       |       |    90 |   189 ||   279
  Dodge: Dodged            |    23 |    20 |    65 |   310 |    66 ||   484
  Block: Buckler           |     8 |    11 |    28 |   128 |    25 ||   200

Table legend: (Time is in decaauts)
 A = Elapsed time spent in this place.
 B = Non-inter-level travel time spent in this place.
 C = Inter-level travel time spent in this place.
 D = Time resting spent in this place.
 E = Time spent auto-exploring this place.
 F = Levels seen in this place.
 G = Mean time per level.
                   A        B        C        D        E       F      G
               +--------+--------+--------+--------+--------+-----+--------+
         Total |   6474 |   6381 |     93 |   3982 |      0 |   1 | 6474.0 |
       Dungeon |   6474 |   6381 |     93 |   3982 |      0 |   1 | 6474.0 |
               +--------+--------+--------+--------+--------+-----+--------+

Top non-repeatable levels by time:
       D: 6474 daAuts
